AoeStats
← atibet09

Hideout

509178933Analyzed
1v1 RM · 7d ago on Sep 25, 2026· 72m 53s· 2 players
Game mode
Random Map
Map size
Tiny (2 player)
Population
200
Speed
Normal
Resources
Standard
Victory
Conquest
Starting age
Dark Age
Ending age
Imperial Age
RankedLock teamsTeams togetherTeam positionsShared explorationLock speedFull tech treeHidden civsTurbo modeCheats
Victory
Defeat
🇧🇷 Japanese · Brazil
784
+17
🇷🇴 Bulgarians · Romania
812
-17
Kiel
11:03 Feudal Age
11:31 Double-Bit Axe
11:59 Man-at-Arms
13:44 Scale Mail Armor
16:34 Forging
16:17 Horse Collar
16:58 Arson
18:08 Gold Mining
23:34 Castle Age
24:12 Stone Mining
24:36 Bow Saw
24:28 Heavy Plow
24:50 Squires
24:11 Long Swordsman
26:15 Chain Mail Armor
27:54 Wheelbarrow
29:25 Iron Casting
33:29 Loom
34:31 Fortified Wall
34:30 Husbandry
35:57 Scale Barding Armor
36:16 Hand Cart
42:28 Imperial Age
44:10 Kataparuto
44:55 Chemistry
44:46 Cavalier
47:08 Ballistics
48:15 Yasama
48:57 Guard Tower
50:30 Gold Shaft Mining
54:28 Keep
56:05 Elite Samurai
57:03 Capped Ram
58:22 Plate Mail Armor
58:53 Blast Furnace
58:14 Two-Handed Swordsman
58:20 Pikeman
59:38 Conscription
59:07 Champion
59:34 Gambesons
62:11 Halberdier
64:55 Padded Archer Armor
64:58 Elite Skirmisher
65:39 Fletching
66:05 Leather Archer Armor
66:12 Chain Barding Armor
67:21 Thumb Ring
67:17 Bodkin Arrow
67:54 Ring Archer Armor
69:40 Bracer
atibet09
7:03 Loom
9:37 Feudal Age
18:10 Castle Age
16:40 Double-Bit Axe
18:02 Gold Mining
19:50 Scale Mail Armor
22:57 Horse Collar
24:55 Heavy Plow
28:53 Murder Holes
37:09 Forging
37:16 Chain Mail Armor
40:09 Imperial Age
38:16 Wheelbarrow
37:13 Pikeman
38:08 Squires
40:59 Cavalier
44:49 Gold Shaft Mining
44:09 Stone Mining
46:46 Chemistry
46:23 Hand Cart
45:53 Town Watch
46:20 Guard Tower
46:59 Bloodlines
46:49 Husbandry
48:02 Conscription
47:13 Halberdier
49:00 Keep
49:11 Heavy Scorpion
52:51 Heavy Cavalry Archer
53:57 Parthian Tactics
57:04 Ballistics
56:42 Fletching
56:52 Padded Archer Armor
57:23 Plate Mail Armor
57:29 Iron Casting
57:01 Scale Barding Armor
57:09 Stirrups
56:37 Elite Konnik
58:52 Stone Shaft Mining
60:30 Bodkin Arrow
60:51 Leather Archer Armor
61:37 Blast Furnace
61:00 Chain Barding Armor
69:20 Town Patrol
70:35 Light Cavalry
Connection lost

Rejoining the realm…

Still unreachable

The connection could not be restored.

Session expired

The server has moved on; the page needs a fresh start.